 Dungeon Crawl Stone Soup version 0.27-a0-1181-g5f64966fcc (webtiles) character file.

Game seed: 16752376830860460064

66 bilbop the Bolt Thrower (level 3, -2/31 HPs)
             Began as a Minotaur Hunter on May 18, 2021.
             Succumbed to an orc's poison
             ... on level 4 of the Dungeon.
             The game lasted 00:06:16 (1170 turns).

bilbop the Bolt Thrower (Minotaur Hunter)           Turns: 1170, Time: 00:06:16

Health: -2/31      AC:  4    Str: 16    XL:     3   Next: 96%
Magic:  2/2        EV: 15    Int:  8    God:
Gold:   51         SH:  0    Dex: 11    Spells: 2/2 levels left

rFire    . . .     SeeInvis .   a - +1 hand crossbow
rCold    . . .     Faith    .   (no shield)
rNeg     . . .     Spirit   .   c - +0 leather armour
rPois    .         Reflect  .   (helmet restricted)
rElec    .         Harm     .   (no cloak)
rCorr    .         Rampage  .   j - +0 pair of gloves
Will     .....                  (no boots)
Stlth    +.........             (no amulet)
HPRegen  0.10/turn              e - +4 ring of evasion
MPRegen  0.08/turn              (no ring)

@: lethally poisoned (-2 -> -16)
A: horns 2, retaliatory headbutt
a: no special abilities


You were on level 4 of the Dungeon.
You visited 1 branch of the dungeon, and saw 3 of its levels.

You collected 51 gold pieces.

Inventory:

Hand Weapons
 a - a +1 hand crossbow (weapon)
 b - a +0 spear
 g - a +0 short sword
Missiles
 d - 45 bolts (quivered ammo)
Armour
 c - a +0 leather armour (worn)
 j - a +0 pair of gloves (worn)
 k - a +0 scale mail
Jewellery
 e - a +4 ring of evasion (left hand)
 h - a ring of positive energy
Scrolls
 f - a scroll of torment {unknown}
 i - a scroll of enchant weapon {unknown}
 l - a scroll of fear {unknown}
 m - a scroll of magic mapping {unknown}


   Skills:
 + Level 3.3 Fighting
 + Level 1.2 Polearms
 + Level 4.8 Crossbows
 + Level 1.8 Armour
 - Level 2.1 Dodging
 + Level 1.6 Stealth


You had 2 spell levels left.
You didn't know any spells.
Your spell library was empty.

Dungeon Overview and Level Annotations

Branches:
Dungeon (2/15)

Altars:
Okawaru


Innate Abilities, Weirdness & Mutations

You have a pair of horns on your head.
You reflexively headbutt those who attack you in melee.


Message History

You hear a shout!
An orc comes into view. It is wielding a +0 dagger.
An orc comes into view. It is wielding a +0 mace.
You shoot a bolt.
The bolt closely misses the ball python.
A goblin comes into view. It is wielding a +0 club.
You shoot a bolt. The bolt hits the hobgoblin!
You kill the hobgoblin!
You shoot a bolt. The bolt hits the orc!
You kill the orc!
You shoot a bolt. The bolt hits the ball python.
You kill the ball python!
You shoot a bolt. The bolt closely misses the orc.
The orc closely misses you.
You shoot a bolt. The bolt hits the orc.
The orc is moderately wounded.
The orc closely misses you. The orc completely misses you.
You shoot a bolt. The bolt hits the orc.
The orc is heavily wounded.
A hound comes into view.
The orc misses you. The orc closely misses you.
You shoot a bolt. The bolt closely misses the orc.
The hound barks!
You hear a shout!
The orc barely misses you.
The orc hits you from afar with a +2 trident of venom.
You are poisoned.
You shoot a bolt. The bolt closely misses the orc.
You feel very sick. The orc hits you with a +0 mace!
The orc hits you from afar with a +2 trident of venom!
* * * LOW HITPOINT WARNING * * *
You are lethally poisoned!
The goblin hits you but does no damage.
You are too injured to fight recklessly!
You are too injured to fight recklessly!
* * * LOW HITPOINT WARNING * * *
You feel very sick. The orc barely misses you.
* * * LOW HITPOINT WARNING * * *
You feel very sick.
You die...

(.. ... .. .. (...
.. .. .....
♣...##.##. .....
♣.((((... ###....##.
.....((.###.........
.....o(h.#..........
(.....go.........♣..
....#.......♣...♣...
... ##.@.....PP.....
. ###......PPPP....
#..........P.P...
#........♣...♣...
#.............♣
##...............#
#.......#.......##
#...))..#########
###.)...#


You could see a hound, 2 orcs and a goblin.

Vanquished Creatures
  A gnoll shaman (D:4)
  2 dart slugs (D:1)
  4 orcs (D:4)
  3 bats (D:1)
  2 endoplasms
  2 giant cockroaches (D:1)
  2 goblins
  2 hobgoblins
  5 kobolds
  A ball python (D:4)
  4 frilled lizards (D:1)
28 creatures vanquished.

Vanquished Creatures (others)
  2 fungi (D:4)
2 creatures vanquished.

Grand Total: 30 creatures vanquished

Notes
Turn   | Place    | Note
-------+----------+-------------------------------------------
     0 | D:1      | bilbop the Minotaur Hunter began the quest for the Orb.
     0 | D:1      | Reached XP level 1. HP: 18/18 MP: 0/0
    61 | D:1      | Reached skill level 1 in Stealth
   166 | D:1      | Reached XP level 2. HP: 18/25 MP: 1/1
   335 | D:1      | Reached skill level 1 in Armour
   910 | D:2      | Found an iron altar of Okawaru.
   910 | D:2      | You fall into a shaft and drop 2 floors!
   935 | D:4      | Reached skill level 1 in Polearms
   935 | D:4      | Reached XP level 3. HP: 11/31 MP: 2/2
  1169 | D:4      | HP: 1/31 [poisoned by an orc]
  1170 | D:4      | Succumbed to an orc's poison

Illustrated notes

Levels and vault maps discovered:
D:1:      ebering_trefoil_3fold, layout_loops_cross
D:2:      layout_rooms, ebering_ecumenical_altar_ruins, basic_altar
D:4:      layout_cave_pools, minmay_temple_entry_trees, serial_park,
          serial_park_tiny_2, serial_park_square3 [serial_park_minivault_5x5_1],
          serial_park_square3 [serial_park_minivault_5x5_6], serial_park_square1
          [serial_park_minivault_5x5_8]

Skill      XL: |  1  2 |
---------------+-------+-----
Stealth        | 1 |  1.6
Armour         | 1 |  1.8
Fighting       | 3 |  3.3
Polearms       | 1 |  1.2
Crossbows      | |  4.8
Dodging        | |  2.1

Action                   || total
-------------------------++-------
 Fire: Hand crossbow     ||    72
Armor: Leather armour    ||     6
Dodge: Dodged            ||    28

Table legend: (Time is in decaauts)
 A = Elapsed time spent in this place.
 B = Non-inter-level travel time spent in this place.
 C = Inter-level travel time spent in this place.
 D = Time resting spent in this place.
 E = Time spent auto-exploring this place.
 F = Levels seen in this place.
 G = Mean time per level.
                   A        B        C        D        E       F      G
               +--------+--------+--------+--------+--------+-----+--------+
         Total |   1189 |   1088 |    101 |    196 |    734 |   3 |  396.3 |
       Dungeon |   1189 |   1088 |    101 |    196 |    734 |   3 |  396.3 |
               +--------+--------+--------+--------+--------+-----+--------+

Top non-repeatable levels by time:
     D:1: 911 daAuts
     D:4: 269 daAuts
     D:2: 8 daAuts
